 Dungeon Crawl Stone Soup version 0.19-a0-1166-g02d67b9 (console) character file.

59 brucemayne the Chopper (level 3, 0/28 HPs)
             Began as a Vampire Berserker on Aug 14, 2016.
             Was a Believer of Trog.
             Killed from afar by an orc wizard (12 damage)
             ... with a puff of frost
             ... on level 4 of the Dungeon.
             The game lasted 00:02:32 (513 turns).

brucemayne the Chopper (Vampire Berserker)           Turns: 513, Time: 00:02:33

Health: 0/28       AC:  7    Str: 17    XL:     3   Next: 78%
Magic:  3/3        EV: 10    Int:  9    God:    Trog [**....]
Gold:   16         SH:  0    Dex: 13    Spells: 0 memorised, 2 levels left

rFire  . . .     SeeInvis +     a - +0 hand axe
rCold  . . .     Gourm    .     m - +0 scale mail
rNeg   + . .     Faith    .     (no shield)
rPois  .         Spirit   .     n - +0 hat
rElec  .         Dismiss  .     j - +0 cloak
rCorr  .         Reflect  .     (no gloves)
MR     ++...     Harm     .     (no boots)
Stlth  ..........               (no amulet)
                                (no ring)
                                (no ring)

@: regenerating
A: fangs 3, see invisible, unbreathing
a: Bat Form, Berserk, Trog's Hand, Burn Spellbooks, Renounce Religion


You were on level 4 of the Dungeon.
You worshipped Trog.
Trog was pleased with you.
You were not thirsty.

You visited 1 branch of the dungeon, and saw 4 of its levels.

You collected 16 gold pieces.

Inventory:

Hand Weapons
 a - a +0 hand axe (weapon)
Missiles
 f - 8 tomahawks (quivered)
Armour
 b - a +0 animal skin
 h - a +0 ring mail
 j - a +0 cloak (worn)
 m - a +0 scale mail (worn)
 n - a +0 hat (worn)
 p - a +0 buckler
Scrolls
 e - 2 scrolls of teleportation {unknown}
 g - a scroll of enchant armour {unknown}
 i - a scroll of remove curse {unknown}
 k - a scroll of fear {unknown}
 o - a scroll of identify {unknown}
Potions
 c - 3 potions of blood
 d - a potion of agility {unknown}
 l - a potion of berserk rage {unknown}


   Skills:
 - Level 2.6 Fighting
 + Level 4.3 Axes
 - Level 1.5 Armour
 - Level 2.1 Dodging


You had 2 spell levels left.
You didn't know any spells.

Dungeon Overview and Level Annotations

Branches:
Dungeon (4/15)
 Temple: D:4-7

Altars:

Annotations:
D:4 Tux's ghost, amateur GrMo


Innate Abilities, Weirdness & Mutations

You have razor-sharp teeth.
You have supernaturally acute eyesight. (SInv)
You can survive without breathing.


Message History

The orc wizard is severely wounded.
The orc hits you from afar with a trident.
* * * LOW HITPOINT WARNING * * *
Unknown command.
Yummy - fresh blood!
The orc wizard completely misses you. The orc hits you but does no damage.
A jackal comes into view.
Unknown command.
Your skin crawls.
You feel resistant to hostile enchantments.
You feel somewhat more thirsty.
The jackal barks!
The orc barely misses you.
The orc wizard hits you but does no damage.
The orc hits you but does no damage.
A jackal comes into view.
The orc wizard hits you but does no damage.
The orc wizard points at you and mumbles some strange words.
The puff of frost hits you!
You die...

....... ......##
.....## # #...#
.# #<.## .#
##..## .#
##..##..# #
#......# #<#
##.@#..>..#
##...#oo##...#..
#....o..# .##
#....###W...##
...# ##...# ..
#..# ..# ..# ..


You could see an orc wizard, Tux's ghost and 2 orcs.

Vanquished Creatures
  A hound (D:3)
  An adder (D:3)
  A ball python (D:3)
  3 giant cockroaches
  3 goblins
  3 jackals (D:2)
  2 quokkas (D:2)
  A bat (D:3)
  A giant newt (D:1)
  A kobold (D:1)
  2 rats
19 creatures vanquished.

Notes
Turn   | Place    | Note
-------+----------+-------------------------------------------
     0 | D:1      | brucemayne the Vampire Berserker began the quest for the Orb.
     0 | D:1      | Reached XP level 1. HP: 17/17 MP: 1/1
   146 | D:1      | Reached skill level 3 in Axes
   186 | D:2      | Reached XP level 2. HP: 22/23 MP: 2/2
   312 | D:3      | Reached skill level 4 in Axes
   312 | D:3      | Reached XP level 3. HP: 9/28 MP: 3/3
   344 | D:3      | Reached ** piety under Trog
   508 | D:4      | Noticed Tux's ghost (amateur GrMo)
   513 | D:4      | Killed from afar by an orc wizard

Vault maps used:
D:1:      dpeg_arrival_chambers_temple_mockup, serial_park_tiny_1
D:2:      uniq_crazy_yiuf_cottage
D:3:      kennysheep_generic_room_3
D:4:      uniq_menkaure, uniq_duvessa, uniq_blork_the_orc

Skill      XL: |  1  2 |
---------------+-------+-----
Axes           | 3 4 |  4.3
Fighting       | |  2.6
Armour         | |  1.5
Dodging        | |  2.1

Action                   || total
-------------------------++-------
Melee: Hand axe          ||    75
       Bite              ||     9
Invok: Berserk           ||     1
       Trog's Hand       ||     1
  Use: Potion            ||     3
Armor: Ring mail         ||    15
       Scale mail        ||     7
Dodge: Dodged            ||    57
